[Event "Titled Tuesday Blitz June 28 Late 2022"]
[White "Kovacevic, Radmila"]
[Black "D`Arruda, Ricardo D."]
[WhiteFideId "933171"]
[BlackFideId "100692"]
[WhiteElo "2115"]
[BlackElo "2437"]
[Result "1-0"]
[Round "09"]
[TimeControl "180+1"]
[Date "2022.06.29"]
[WhiteClock "0:00:58"]
[BlackClock "0:00:23"]

1. e4 c5 2. Nf3 Nc6 3. d4 cxd4 4. c3 dxc3 5. Bc4 e6 6. O-O cxb2 7. Bxb2 d6 8. Nbd2 Nf6 9. h3 Be7 10. Re1 O-O 11. Rc1 d5 12. exd5 exd5 13. Bd3 h6 14. Bb1 Re8 15. a3 Bd7 16. Qc2 g6 17. Nh4 Ne4 18. Nxe4 Bxh4 19. Qc3 d4 20. Qf3 Bf5 21. g4 Bxe4 22. Rxe4 Rxe4 23. Bxe4 Rc8 24. Qb3 Na5 25. Rxc8 Qxc8 26. Qd5 Qe6 27. Qxd4 f6 28. Bd5 1-0


[Site "https://www.chess.com"]

[Event "Titled Tuesday Blitz June 28 Late 2022"]
[White "Kuzmin, Roman"]
[Black "Rosenberg, Evan S"]
[WhiteFideId "44134932"]
[BlackFideId "2019299"]
[WhiteElo "1968"]
[BlackElo "2214"]
[Result "1-0"]
[Round "09"]
[TimeControl "180+1"]
[Date "2022.06.29"]
[WhiteClock "0:02:02"]
[BlackClock "0:01:07"]

1. e4 e6 2. d4 d5 3. Nc3 Bb4 4. e5 c5 5. a3 Bxc3+ 6. bxc3 Ne7 7. Qg4 Qc7 8. Qxg7 Rg8 9. Qxh7 cxd4 10. Ne2 Nbc6 11. f4 dxc3 12. Qd3 d4 13. Nxd4 Nxd4 14. Qxd4 Bd7 15. Qf2 Nf5 16. Rg1 Qc6 17. Bd3 O-O-O 18. g4 1-0


[Site "https://www.chess.com"]

[Event "Titled Tuesday Blitz June 28 Late 2022"]
[White "Ladan, Nicholas"]
[Black "Tinmaz, Kerem"]
[WhiteFideId "30918855"]
[BlackFideId "44559151"]
[WhiteElo "2167"]
[BlackElo "1443"]
[Result "1-0"]
[Round "09"]
[TimeControl "180+1"]
[Date "2022.06.29"]
[WhiteClock "0:01:01"]
[BlackClock "0:00:01"]

1. d4 d5 2. c4 c6 3. Nf3 Nf6 4. g3 Bf5 5. Nc3 e6 6. Nh4 Be4 7. f3 Bg6 8. Qb3 Qb6 9. c5 Qxb3 10. axb3 Nbd7 11. b4 e5 12. Nxg6 hxg6 13. e3 Be7 14. b5 Kd8 15. Kf2 Kc7 16. b4 Rhb8 17. Bd2 a6 18. bxc6 bxc6 19. Nd1 Kb7 20. h4 Bd8 21. Bd3 Bc7 22. Nc3 Re8 23. Rhb1 e4 24. fxe4 Nxe4+ 25. Nxe4 dxe4 26. Bc4 f5 27. Rb2 Nf6 28. Rba2 Ng4+ 29. Ke2 1-0


[Site "https://www.chess.com"]

[Event "Titled Tuesday Blitz June 28 Late 2022"]
[White "Laurusas, Tomas"]
[Black "Katz, Alexander"]
[WhiteFideId "12803731"]
[BlackFideId "2039796"]
[WhiteElo "2442"]
[BlackElo "2371"]
[Result "1-0"]
[Round "09"]
[TimeControl "180+1"]
[Date "2022.06.28"]
[WhiteClock "0:00:05"]
[BlackClock "0:00:05"]

1. d4 d5 2. c4 c6 3. Nf3 Nf6 4. Nc3 e6 5. e3 Nbd7 6. Be2 dxc4 7. a4 Bb4 8. O-O O-O 9. Bxc4 Qe7 10. a5 e5 11. Qc2 e4 12. Ng5 Bxc3 13. bxc3 h6 14. Ba3 c5 15. Nh3 b6 16. axb6 Nxb6 17. Bxc5 Qc7 18. Bxf8 Bxh3 19. gxh3 Nxc4 20. Bc5 Qd7 21. Kh1 Qxh3 22. Rg1 Rb8 23. Rab1 Qf3+ 24. Rg2 Rxb1+ 25. Qxb1 Ng4 26. Qb8+ Kh7 27. Qg3 f5 28. h3 Nxf2+ 29. Qxf2 Qxh3+ 30. Rh2 Qg4 31. Rg2 Qh3+ 32. Kg1 Qh5 33. d5 Qd1+ 34. Qf1 Qxd5 35. Bd4 g5 36. Qb1 Kg6 37. Qb8 Kh5 38. Qe8+ Kh4 39. Qg6 Nxe3 40. Qxh6# 1-0


[Site "https://www.chess.com"]

[Event "Titled Tuesday Blitz June 28 Late 2022"]
[White "Leenhouts, Koen"]
[Black "Rostovtsev, Dmitry"]
[WhiteFideId "1008439"]
[BlackFideId "34278320"]
[WhiteElo "2409"]
[BlackElo "2311"]
[Result "1-0"]
[Round "09"]
[TimeControl "180+1"]
[Date "2022.06.28"]
[WhiteClock "0:00:07"]
[BlackClock "0:00:02"]

1. d4 Nf6 2. c4 g6 3. Nc3 Bg7 4. e4 d6 5. f3 O-O 6. Bg5 c5 7. d5 e6 8. Qd2 exd5 9. cxd5 h6 10. Be3 a6 11. a4 Re8 12. Bd3 h5 13. Nge2 Nbd7 14. O-O Ne5 15. Rae1 Nxd3 16. Qxd3 b5 17. axb5 axb5 18. Qxb5 Ba6 19. Qb3 Nd7 20. Qc2 Ne5 21. Kh1 Qb6 22. f4 Nd3 23. Rb1 f5 24. Bg1 fxe4 25. f5 e3 26. fxg6 Nb4 27. Qf5 Qc7 28. Qf7+ Qxf7 29. gxf7+ Kh7 30. fxe8=Q Rxe8 31. Rf7 Kg6 32. Rd7 Be5 33. Bxe3 Bd3 34. Rd1 Bxc3 35. Nxc3 Rxe3 36. Rxd6+ Kf5 37. Re6 Rxe6 38. dxe6 Kxe6 39. Re1+ Kf5 40. Re8 c4 41. h4 Kg4 42. Rb8 Nc2 43. b3 Ne3 44. bxc4 Bxc4 45. Kh2 Kxh4 46. Rb4 Ng4+ 47. Kg1 Bd3 48. Nd5 Kg5 49. Rd4 Bf5 50. Nc7 Ne5 51. Rd5 Ng4 52. Ne6+ Kf6 53. Nf4 h4 54. Ra5 Bd7 55. Nd5+ Kg6 56. Nc3 Bf5 57. Nd5 Bd7 58. Ra6+ Kg5 59. Nb6 Bf5 60. Ra5 Kf4 61. Nc4 Be4 62. Ra4 Kg3 63. Nd2 Bf5 64. Ra3+ Kf4 65. Nf3 h3 66. gxh3 Ne3 67. Nd4 Be4 68. Ne2+ Kf3 69. Nd4+ Kf4 70. Ne2+ Kf3 71. Nc3 Bf5 72. Nd1 Bxh3 73. Rxe3+ Kg4 74. Rc3 1-0


[Site "https://www.chess.com"]

[Event "Titled Tuesday Blitz June 28 Late 2022"]
[White "Leiva, Gianmarco"]
[Black "Toncheva, Nadya"]
[WhiteFideId "3804399"]
[BlackFideId "2924056"]
[WhiteElo "2323"]
[BlackElo "1888"]
[Result "1-0"]
[Round "09"]
[TimeControl "180+1"]
[Date "2022.06.29"]
[WhiteClock "0:00:05"]
[BlackClock "0:00:06"]

1. e4 c5 2. Nf3 d6 3. d4 cxd4 4. Nxd4 Nf6 5. Nc3 Nc6 6. Bg5 e6 7. Qd2 a6 8. O-O-O Bd7 9. f3 b5 10. Kb1 Rc8 11. g4 Be7 12. h4 Qc7 13. Be3 Nxd4 14. Bxd4 e5 15. Be3 Be6 16. g5 Nd7 17. Bh3 b4 18. Nd5 Bxd5 19. Qxd5 Qxc2+ 20. Ka1 Qe2 21. Rde1 Qb5 22. Qxb5 axb5 23. Rc1 Rc4 24. Rxc4 bxc4 25. Rc1 Nc5 26. Rxc4 O-O 27. Rxb4 Ne6 28. Rb7 Rc8 29. Rxe7 Kf8 30. Bxe6 fxe6 31. Rxe6 Rc6 32. Rxd6 Rxd6 33. Bc5 Ke7 34. b4 Ke6 35. Bxd6 Kxd6 36. Kb2 Kc6 37. Kb3 Kb5 38. a4+ 1-0


[Site "https://www.chess.com"]

[Event "Titled Tuesday Blitz June 28 Late 2022"]
[White "Maksimovic, Bojan"]
[Black "Keymer, Vincent"]
[WhiteFideId "14408120"]
[BlackFideId "12940690"]
[WhiteElo "2453"]
[BlackElo "2548"]
[Result "0-1"]
[Round "09"]
[TimeControl "180+1"]
[Date "2022.06.28"]
[WhiteClock "0:01:11"]
[BlackClock "0:01:57"]

1. Nf3 d5 2. g3 c6 3. Bg2 Bg4 4. O-O Nd7 5. d3 Ngf6 6. Nbd2 e5 7. e4 Bd6 8. Qe2 O-O 9. h3 Bh5 10. g4 Bg6 11. Nh4 Re8 12. Nf5 Bf8 13. Nf3 Nc5 14. N3h4 a5 15. Bg5 Ne6 16. Be3 Bc5 17. Rad1 a4 18. a3 Qb6 19. Bc1 Rad8 20. exd5 Nxd5 21. Qxe5 Bd4 22. Nxd4 Nxd4 23. Qg3 Ne2+ 0-1


[Site "https://www.chess.com"]

[Event "Titled Tuesday Blitz June 28 Late 2022"]
[White "Manukian, Artak"]
[Black "Thiel, Thomas"]
[WhiteFideId "13301373"]
[BlackFideId "4615964"]
[WhiteElo "2461"]
[BlackElo "2257"]
[Result "1-0"]
[Round "09"]
[TimeControl "180+1"]
[Date "2022.06.29"]
[WhiteClock "0:00:06"]
[BlackClock "0:00:01"]

1. e4 d5 2. exd5 Nf6 3. Nc3 Nxd5 4. Bc4 Nb6 5. Bb3 Nc6 6. Qf3 e6 7. Nge2 Be7 8. h4 a5 9. a3 a4 10. Ba2 Nd4 11. Nxd4 Qxd4 12. d3 h5 13. Bf4 Bd6 14. Bxd6 Qxd6 15. O-O-O Nd7 16. d4 Nf6 17. d5 e5 18. Qg3 O-O 19. Rhe1 Re8 20. f3 Bf5 21. Ne4 Bxe4 22. fxe4 b5 23. c3 Rad8 24. Bb1 Ng4 25. Rf1 Qh6+ 26. Rd2 c6 27. Rf5 cxd5 28. exd5 e4 29. Rg5 e3 30. Re2 Qd6 31. Qxd6 Rxd6 32. Rxh5 Nf6 33. Rg5 Rxd5 34. Rxd5 Nxd5 35. g3 f6 36. Ba2 Re5 37. Kc2 Kf8 38. Bxd5 Rxd5 39. Rxe3 Rf5 40. Re2 Rf3 41. Rg2 Kf7 42. Kd2 Ke6 43. Ke2 Rf5 44. g4 Re5+ 45. Kd3 Kd5 46. Rf2 Re1 47. Rf5+ Kc6 48. g5 fxg5 49. Rxg5 Re7 50. h5 Kb6 51. Kd4 Rd7+ 52. Ke3 Re7+ 53. Kf3 Rf7+ 54. Kg3 Kc6 55. Kg4 Kb6 56. Rf5 Re7 57. Kg5 Re2 58. Kg6 Rxb2 59. Kxg7 Rc2 60. Rf3 Rg2+ 61. Kh7 1-0


[Site "https://www.chess.com"]

[Event "Titled Tuesday Blitz June 28 Late 2022"]
[White "Martinez Alcantara, Jose Eduardo"]
[Black "Abdrlauf, Elham"]
[WhiteFideId "3805662"]
[BlackFideId "1533533"]
[WhiteElo "2703"]
[BlackElo "2403"]
[Result "1-0"]
[Round "09"]
[TimeControl "180+1"]
[Date "2022.06.28"]
[WhiteClock "0:00:45"]
[BlackClock "0:00:02"]

1. e4 e5 2. Nf3 Nc6 3. Bb5 a6 4. Ba4 d6 5. O-O Bd7 6. c3 g5 7. d4 g4 8. Ne1 h5 9. f4 exd4 10. cxd4 d5 11. Nc3 dxe4 12. Nc2 f5 13. d5 Nce7 14. Bb3 Nf6 15. Be3 Nc8 16. Nd4 Nd6 17. Rc1 Bg7 18. Na4 b6 19. Qc2 Rc8 20. Ne6 Bxe6 21. dxe6 c5 22. Rfd1 Qc7 23. Nxb6 Qxb6 24. Bxc5 Qxc5+ 25. Qxc5 Rxc5 26. Rxc5 Bf8 27. Ba4+ Ke7 28. Rc7+ Kxe6 29. Bb3+ Nd5 30. Rxd5 Kf6 31. Rc6 e3 32. Rcxd6+ Bxd6 33. Rxd6+ Kg7 34. Re6 Rc8 35. Rxe3 h4 36. Kf2 Rc1 37. Re1 Rc7 38. g3 Kh6 39. Rd1 Kh5 40. Rd8 a5 41. Rh8+ Kg6 42. gxh4 Rb7 43. h5+ Kf6 44. Rh6+ Kg7 45. Ra6 Kh7 46. Rxa5 Rc7 47. Rxf5 Kh6 48. Kg3 Rc1 49. Rf6+ Kg7 50. Rg6+ Kh7 51. Kxg4 Rg1+ 52. Kf5 Rc1 53. Rg2 Kh6 54. Ke5 Rc8 55. f5 Re8+ 56. Be6 Rb8 57. a4 Ra8 58. b3 Ra5+ 59. Kd6 Ra6+ 60. Kc7 Ra8 61. Ra2 Kg5 62. a5 Kh4 63. a6 1-0


[Site "https://www.chess.com"]

[Event "Titled Tuesday Blitz June 28 Late 2022"]
[White "Nikologorsky, Matfei"]
[Black "Bobadilla Viera, Jorge Samuel"]
[WhiteFideId "24102474"]
[BlackFideId "3906353"]
[WhiteElo "2231"]
[BlackElo "2202"]
[Result "0-1"]
[Round "09"]
[TimeControl "180+1"]
[Date "2022.06.29"]
[WhiteClock "0:00:06"]
[BlackClock "0:01:20"]

1. e4 c5 2. Nf3 d6 3. d4 cxd4 4. Nxd4 Nf6 5. Nc3 a6 6. h3 e6 7. g4 Be7 8. g5 Nfd7 9. Be3 b5 10. h4 Bb7 11. Bg2 Nc6 12. f4 O-O 13. Qg4 Rc8 14. a3 Nxd4 15. Bxd4 e5 16. Be3 exf4 17. Bxf4 Ne5 18. Qg3 Qa5 19. O-O Ng6 20. h5 Nxf4 21. Rxf4 b4 22. Rf5 Qb6+ 23. Kh2 bxc3 24. bxc3 Rc5 25. Raf1 Bc8 26. g6 Bxf5 27. exf5 Bf6 28. Kh1 Rxc3 29. Bf3 Qd4 30. gxf7+ Rxf7 31. Qe1 Be5 32. Kg2 Rxf5 33. Bd5+ Qxd5+ 0-1


[Site "https://www.chess.com"]

[Event "Titled Tuesday Blitz June 28 Late 2022"]
[White "Omariev, Maksim"]
[Black "Tologon tegin, Semetei"]
[WhiteFideId "4193423"]
[BlackFideId "13800574"]
[WhiteElo "2449"]
[BlackElo "2174"]
[Result "0-1"]
[Round "09"]
[TimeControl "180+1"]
[Date "2022.06.29"]
[WhiteClock "0:00:02"]
[BlackClock "0:00:09"]

1. b3 e5 2. Bb2 Nc6 3. h3 Nf6 4. g4 h6 5. Bg2 d5 6. d3 Be6 7. e3 Be7 8. Nd2 Qd7 9. Qe2 a5 10. f4 exf4 11. exf4 d4 12. Ngf3 Nd5 13. f5 Bxf5 14. gxf5 Nf4 15. Qf2 Qxf5 16. O-O-O Nb4 17. Kb1 Nfxd3 18. Qxd4 Nxb2 19. Qxb2 Bf6 20. Rhe1+ Kf8 21. Ne5 Rd8 22. a3 Bxe5 23. Rxe5 Qf2 24. axb4 Qxg2 25. Qc3 axb4 26. Qxb4+ Kg8 27. Ree1 Kh7 28. Qe4+ Qxe4 29. Nxe4 Rxd1+ 30. Rxd1 Re8 31. Nc5 b6 32. Nd3 g5 33. Rf1 Kg6 34. Kb2 f5 35. c4 h5 36. Rf3 f4 37. Kc3 Kf5 38. Nb4 g4 39. hxg4+ hxg4 40. Rf1 f3 41. Nd5 Re2 42. Nxc7 Ke4 43. Nd5 g3 44. Nf6+ Kf4 45. Nd5+ Kg4 46. Kd3 g2 47. Rg1 Kg3 48. Ne3 Rxe3+ 49. Kxe3 f2 50. Rd1 f1=Q 51. Rxf1 gxf1=Q 52. Kd4 Qb1 53. b4 Qxb4 54. Kd5 Qc5+ 0-1


[Site "https://www.chess.com"]

[Event "Titled Tuesday Blitz June 28 Late 2022"]
[White "Ozates, Tuna"]
[Black "Adewumi, Tanitoluwa"]
[WhiteFideId "6354521"]
[BlackFideId "30966396"]
[WhiteElo "1887"]
[BlackElo "2640"]
[Result "1-0"]
[Round "09"]
[TimeControl "180+1"]
[Date "2022.06.29"]
[WhiteClock "0:00:07"]
[BlackClock "0:00:02"]

1. e4 c5 2. Nf3 e6 3. d4 cxd4 4. Nxd4 Nc6 5. Nc3 Qc7 6. g3 a6 7. Bg2 d6 8. O-O Be7 9. Re1 Bd7 10. Be3 Nf6 11. h3 O-O 12. g4 Nxd4 13. Bxd4 e5 14. Be3 Be6 15. g5 Nd7 16. Qh5 Rfe8 17. Rad1 Nf8 18. f4 exf4 19. Bxf4 Ng6 20. Be3 b5 21. Re2 b4 22. Nd5 Bxd5 23. Rxd5 Qc4 24. b3 Qc3 25. Kh2 Bd8 26. Bd4 Qc8 27. Rf5 Bc7 28. Rxf7 Kxf7 29. Qxh7 d5+ 30. Kh1 Rg8 31. Rf2+ Bf4 32. Qh5 Qe6 33. Rxf4+ Ke7 34. Bc5+ Kd7 35. exd5 Qe8 36. Qg4+ Kc7 37. Rxb4 Qe1+ 38. Bg1 Rab8 39. Qc4+ Kd7 40. Qc6+ Ke7 41. Re4+ Qxe4 42. Bxe4 Nf4 43. d6+ Ke6 44. d7+ Ke5 45. Qc7+ Kxe4 46. Bh2 Ng6 47. Qxb8 Rxb8 48. Bxb8 1-0


[Site "https://www.chess.com"]

[Event "Titled Tuesday Blitz June 28 Late 2022"]
[White "Pakleza, Zbigniew"]
[Black "Jobava, Baadur"]
[WhiteFideId "1119290"]
[BlackFideId "13601520"]
[WhiteElo "2467"]
[BlackElo "2617"]
[Result "1-0"]
[Round "09"]
[TimeControl "180+1"]
[Date "2022.06.28"]
[WhiteClock "0:00:05"]
[BlackClock "0:01:06"]

1. d4 Nf6 2. Nf3 e6 3. Bf4 b6 4. e3 Bb7 5. h3 Bd6 6. Bxd6 cxd6 7. Bd3 O-O 8. Nbd2 d5 9. O-O h6 10. Rc1 Nc6 11. c4 Rc8 12. a3 Qe7 13. cxd5 Nxd5 14. Nc4 Rc7 15. Qd2 Nf6 16. Rc2 Rfc8 17. Rfc1 d6 18. b4 Qd8 19. Nb2 e5 20. b5 Na5 21. Rxc7 Rxc7 22. Rxc7 Qxc7 23. dxe5 dxe5 24. Qc2 Qd6 25. Nc4 Nxc4 26. Bxc4 Qxa3 27. Qd2 Qe7 28. Nh4 Be4 29. Qa2 g5 30. Nf3 Bxf3 31. gxf3 Kg7 32. Kg2 e4 33. Be2 exf3+ 34. Bxf3 Qe5 35. Bc6 Qc7 36. Qd2 a5 37. Qd4 Qa7 38. e4 Qe7 39. Qxb6 a4 40. Qd4 a3 41. b6 Qe6 42. b7 Qxc6 43. b8=Q a2 44. Qbe5 Qa8 45. Qxf6+ 1-0


[Site "https://www.chess.com"]

[Event "Titled Tuesday Blitz June 28 Late 2022"]
[White "Papp, Levente"]
[Black "Voege, Tobias"]
[WhiteFideId "751243"]
[BlackFideId "1270513"]
[WhiteElo "2308"]
[BlackElo "2379"]
[Result "1-0"]
[Round "09"]
[TimeControl "180+1"]
[Date "2022.06.28"]
[WhiteClock "0:00:43"]
[BlackClock "0:00:47"]

1. c4 e5 2. Nc3 Nf6 3. g3 c6 4. Nf3 e4 5. Nd4 d5 6. d3 exd3 7. Qxd3 c5 8. Ndb5 d4 9. Bf4 Na6 10. O-O-O Be6 11. Qf3 Qd7 12. Bg2 Be7 13. Qxb7 O-O 14. Qxa6 Rad8 15. Bc6 Qc8 16. Qxc8 Rxc8 17. Nd5 Bd8 18. Nxa7 Nxd5 19. cxd5 1-0


[Site "https://www.chess.com"]

[Event "Titled Tuesday Blitz June 28 Late 2022"]
[White "Pershin, Denis"]
[Black "Ambartsumova, Karina"]
[WhiteFideId "24165506"]
[BlackFideId "4166299"]
[WhiteElo "2275"]
[BlackElo "2262"]
[Result "1-0"]
[Round "09"]
[TimeControl "180+1"]
[Date "2022.06.28"]
[WhiteClock "0:01:34"]
[BlackClock "0:00:36"]

1. d4 Nf6 2. c4 e6 3. Nc3 d5 4. cxd5 exd5 5. Bg5 c6 6. Qc2 Nbd7 7. e3 Be7 8. Bd3 h6 9. Bh4 Nh5 10. Bxe7 Qxe7 11. Nge2 Nb6 12. O-O O-O 13. Rae1 Re8 14. Ng3 Nxg3 15. hxg3 Qg5 16. e4 dxe4 17. Nxe4 Qd8 18. Nd6 Rxe1 19. Rxe1 Be6 20. Bh7+ Kh8 21. Rxe6 Qd7 22. Qf5 Rf8 23. Bg6 f6 24. Be8 Qc7 25. Qg6 Nd5 26. Nf7+ Kg8 27. Nxh6+ Kh8 28. Nf7+ Kg8 29. Qh5 Rxf7 30. Bxf7+ Qxf7 31. Re8+ 1-0


[Site "https://www.chess.com"]

[Event "Titled Tuesday Blitz June 28 Late 2022"]
[White "Plazuelo Pascual, Juan"]
[Black "Glavina, Pablo"]
[WhiteFideId "32059566"]
[BlackFideId "100234"]
[WhiteElo "2359"]
[BlackElo "2369"]
[Result "0-1"]
[Round "09"]
[TimeControl "180+1"]
[Date "2022.06.28"]
[WhiteClock "0:00:05"]
[BlackClock "0:00:28"]

1. e4 e5 2. Nf3 Nc6 3. Nc3 g6 4. d4 exd4 5. Nxd4 Bg7 6. Be3 Nf6 7. Nxc6 bxc6 8. e5 Ng8 9. f4 Ne7 10. Bc4 O-O 11. O-O d6 12. Bb3 Be6 13. exd6 cxd6 14. Bd4 Bxd4+ 15. Qxd4 c5 16. Qf2 c4 17. Ba4 d5 18. Rad1 Qa5 19. Rfe1 Rab8 20. Bd7 Rxb2 21. Bxe6 Qxc3 22. Bxd5 Nxd5 23. Rxd5 Rxc2 24. Qg3 Qxg3 25. hxg3 Rxa2 26. Rc5 Rd8 27. Re7 Rd1+ 28. Kh2 Rdd2 29. Rc8+ Kg7 30. Rcc7 Rxg2+ 31. Kh3 Rh2+ 32. Kg4 h5+ 33. Kg5 Ra5+ 34. Re5 Rxe5+ 35. fxe5 Rf2 36. e6 Rf5+ 37. Kh4 c3 38. e7 Re5 39. Rxa7 Kf6 40. Rc7 Re4+ 41. Kh3 Rxe7 42. Rxc3 Re5 43. Rf3+ Kg7 44. Ra3 Re6 45. Ra4 Rf6 46. Ra5 Re6 47. Ra4 g5 48. Ra5 Kg6 49. Kg2 f6 50. Ra8 Rb6 51. Kf3 Kf5 52. Ra5+ Kg6 53. Ra8 Rb3+ 54. Kf2 Kf5 55. Ra5+ Kg4 56. Ra4+ Kh3 57. Ra6 Rb2+ 58. Kf3 g4+ 59. Ke3 f5 60. Rf6 Rb3+ 61. Kf2 Rf3+ 62. Ke2 Kxg3 0-1


[Site "https://www.chess.com"]

[Event "Titled Tuesday Blitz June 28 Late 2022"]
[White "Popilski, Gil"]
[Black "Bekturov, Tamerlan"]
[WhiteFideId "2809060"]
[BlackFideId "13710184"]
[WhiteElo "2537"]
[BlackElo "2151"]
[Result "1-0"]
[Round "09"]
[TimeControl "180+1"]
[Date "2022.06.28"]
[WhiteClock "0:00:35"]
[BlackClock "0:00:18"]

1. e4 c5 2. Nf3 Nf6 3. e5 Nd5 4. Nc3 Nc7 5. Ne4 b6 6. d4 cxd4 7. Bg5 f6 8. Bh4 Bb7 9. Bd3 Nc6 10. O-O Ne6 11. Re1 Qc7 12. exf6 gxf6 13. Bg3 Ne5 14. Nxe5 fxe5 15. Qh5+ Kd8 16. Bxe5 Qc6 17. Bxh8 Kc7 18. Be5+ d6 19. Bg3 1-0


[Site "https://www.chess.com"]

[Event "Titled Tuesday Blitz June 28 Late 2022"]
[White "Premnath, R."]
[Black "Novikova, Galina"]
[WhiteFideId "5021928"]
[BlackFideId "4157095"]
[WhiteElo "2613"]
[BlackElo "1863"]
[Result "0-1"]
[Round "09"]
[TimeControl "180+1"]
[Date "2022.06.29"]
[WhiteClock "0:00:16"]
[BlackClock "0:00:11"]

1. d4 Nf6 2. c4 e5 3. dxe5 Ng4 4. Bf4 Nc6 5. Nf3 Bb4+ 6. Nbd2 Qe7 7. e3 O-O 8. a3 Bxd2+ 9. Qxd2 Ngxe5 10. Be2 d6 11. O-O Nxf3+ 12. Bxf3 Ne5 13. Be2 b6 14. f3 Bb7 15. e4 f5 16. Bg5 Qf7 17. exf5 Qxf5 18. Rae1 Kh8 19. b3 Qg6 20. Kh1 Rae8 21. Bh4 h6 22. Bg3 Qf5 23. Rd1 Re7 24. Rfe1 Rfe8 25. Qc3 Qf6 26. f4 Nd7 27. Qd2 Nc5 28. Bh5 Rxe1+ 29. Rxe1 Rxe1+ 30. Qxe1 Ne4 31. h3 Qb2 32. Bh4 Nf6 33. Bf3 Bxf3 34. gxf3 Qxb3 35. Kg2 Qc2+ 36. Kg1 Qf5 37. Qe3 Qxh3 38. Bxf6 Qg3+ 39. Kf1 gxf6 40. Qe8+ Kh7 41. Qf7+ Qg7 42. Qh5 Qe7 43. Qf5+ Kg7 44. Qg4+ Kh8 45. Qg6 Qg7 46. Qe8+ Kh7 47. Qe4+ Kg8 48. Qe8+ Kh7 49. Qe4+ Kh8 50. Qe8+ Qg8 51. Qe7 Qxc4+ 52. Kf2 Qc2+ 53. Kg3 Qg6+ 54. Kf2 Qg7 55. Qe8+ Kh7 56. Qe4+ Qg6 57. Qe7+ Kh8 58. Qxc7 Qf5 59. Qd8+ Kg7 60. Qxd6 Kg6 61. Qe7 h5 62. Qe8+ Kh6 63. Qh8+ Kg6 64. Qg8+ Kh6 65. Qf8+ Kh7 66. Qf7+ Kh6 67. Qf8+ Kh7 68. Qf7+ Kh8 69. Qe8+ Kh7 70. Qe7+ Kh6 71. Qxa7 Qc2+ 72. Kg3 Qg6+ 73. Kf2 h4 74. Qxb6 Qg3+ 75. Ke3 Qg1+ 76. Ke4 Qxb6 77. Kf5 Qc5+ 78. Kg4 Qxa3 79. Kxh4 Qxf3 80. f5 Qf4+ 81. Kh3 Qxf5+ 82. Kg2 Qg5+ 83. Kf3 f5 84. Kf2 Qg4 85. Ke3 Qg3+ 86. Kd4 Qf2+ 87. Ke5 f4 88. Kf6 f3 89. Kf5 Qg3 90. Ke4 f2 91. Kd5 f1=Q 92. Ke6 Qge1+ 93. Kd5 Qfe2 94. Kc5 Qc2+ 95. Kb5 Qeb1+ 96. Ka5 Qca2# 0-1


[Site "https://www.chess.com"]

[Event "Titled Tuesday Blitz June 28 Late 2022"]
[White "Preotu, Razvan"]
[Black "Howell, David W L"]
[WhiteFideId "2613280"]
[BlackFideId "410608"]
[WhiteElo "2407"]
[BlackElo "2559"]
[Result "1-0"]
[Round "09"]
[TimeControl "180+1"]
[Date "2022.06.28"]
[WhiteClock "0:00:03"]
[BlackClock "0:00:21"]

1. e4 c5 2. Nf3 b6 3. d4 cxd4 4. Nxd4 Bb7 5. Bd3 e5 6. Nf5 g6 7. Ne3 f5 8. exf5 Qh4 9. fxg6 hxg6 10. Bxg6+ Kd8 11. Nc3 Bc5 12. g3 Qd4 13. O-O Nf6 14. Nf5 Qg4 15. Qxg4 Nxg4 16. Bg5+ Kc8 17. h4 Nc6 18. Na4 Bf8 19. Rad1 b5 20. Nc3 e4 21. Nxe4 Nce5 22. Nfd6+ Kc7 23. Nxb7 Nxg6 24. Nbc5 Kc6 25. Nxd7 Re8 26. Nef6 Nxf6 27. Nxf6 Re2 28. Rfe1 Re5 29. f4 Bc5+ 30. Kg2 Rf5 31. Re6+ Kb7 32. Rd7+ Ka8 33. Nd5 Nf8 34. Re8# 1-0


[Site "https://www.chess.com"]

[Event "Titled Tuesday Blitz June 28 Late 2022"]
[White "Prieto Aranguren, Alain"]
[Black "Mirzoev, Azer"]
[WhiteFideId "2268906"]
[BlackFideId "13400304"]
[WhiteElo "2224"]
[BlackElo "2525"]
[Result "1-0"]
[Round "09"]
[TimeControl "180+1"]
[Date "2022.06.29"]
[WhiteClock "0:00:05"]
[BlackClock "0:00:02"]

1. e4 c5 2. d4 cxd4 3. Bd3 Nc6 4. f4 d5 5. e5 Nh6 6. Nd2 Bf5 7. Ndf3 e6 8. Ne2 Bb4+ 9. Bd2 Qb6 10. Bxb4 Qxb4+ 11. Qd2 Qxb2 12. O-O Bxd3 13. Qxd3 Qb6 14. Rab1 Qc7 15. Nexd4 Nxd4 16. Nxd4 O-O 17. Rb5 a6 18. Rb3 b5 19. h3 Rfc8 20. Kh1 Qc4 21. g4 Qxd3 22. cxd3 Kh8 23. f5 exf5 24. g5 Ng8 25. Nxf5 Rc7 26. Nd6 f6 27. d4 Rf8 28. h4 Ne7 29. gxf6 gxf6 30. Rxf6 Rxf6 31. exf6 Ng6 32. Re3 Kg8 33. Re8+ Nf8 34. Ra8 Rd7 35. f7+ Kg7 36. Nf5+ Kxf7 37. Rxa6 Rb7 38. Rh6 Ra7 39. Rb6 Rxa2 40. Rxb5 Ra1+ 41. Kg2 Ra2+ 42. Kg3 Ra3+ 43. Kf4 Ra1 44. Ke5 Re1+ 45. Kxd5 Rf1 46. Rb7+ Kf6 47. Ne3 Re1 48. Ng4+ Kg6 49. Ne5+ Kh5 50. Rf7 1-0


[Site "https://www.chess.com"]

[Event "Titled Tuesday Blitz June 28 Late 2022"]
[White "Prydun, Andriy"]
[Black "Richter, Nils"]
[WhiteFideId "14145898"]
[BlackFideId "12990809"]
[WhiteElo "2063"]
[BlackElo "2311"]
[Result "0-1"]
[Round "09"]
[TimeControl "180+1"]
[Date "2022.06.29"]
[WhiteClock "0:00:28"]
[BlackClock "0:00:30"]

1. d4 Nf6 2. Nc3 e6 3. a3 c5 4. d5 g6 5. Bf4 Bg7 6. Qd2 O-O 7. Bd6 Re8 8. Bxc5 d6 9. Bd4 e5 10. Be3 Ng4 11. g3 Nxe3 12. Qxe3 Nd7 13. Bg2 Nc5 14. Nf3 Qb6 15. Rb1 Bf5 16. Qd2 e4 17. Nd4 Bxd4 18. O-O Bg7 19. h3 e3 20. fxe3 Nd7 21. Nd1 Ne5 22. g4 Nc4 23. Qc1 Bd7 24. Rf3 f5 25. b3 Ne5 26. Rg3 fxg4 27. hxg4 Nxg4 28. Bh3 Ne5 29. c4 Bxh3 30. Rxh3 Rf8 31. Nc3 Rae8 32. Na4 Qd8 33. e4 Ng4 34. c5 Bd4+ 0-1


[Site "https://www.chess.com"]

[Event "Titled Tuesday Blitz June 28 Late 2022"]
[White "Ricaurte Lopez, Juan Carlos"]
[Black "Kostiukov, Alexandr"]
[WhiteFideId "3600327"]
[BlackFideId "14108100"]
[WhiteElo "2209"]
[BlackElo "2202"]
[Result "0-1"]
[Round "09"]
[TimeControl "180+1"]
[Date "2022.06.29"]
[WhiteClock "0:00:01"]
[BlackClock "0:00:01"]

1. e4 c5 2. Nf3 g6 3. d4 cxd4 4. Nxd4 Bg7 5. Nc3 Nc6 6. Nb3 Nf6 7. h4 a5 8. h5 Nxh5 9. Be2 Nf6 10. Bh6 Bxh6 11. Rxh6 a4 12. Nc1 a3 13. b3 Qa5 14. Qd2 Qe5 15. f4 Qd4 16. Qxd4 Nxd4 17. Bd3 Ng4 18. Rh4 Ne3 19. Kd2 Nxg2 20. Rg4 Nh4 21. N1e2 d6 22. Rg3 Nxe2 23. Kxe2 h5 24. Nd5 Kd8 25. Rh1 Bg4+ 26. Ke3 Nf3 27. Rxg4 Rc8 28. Rg3 e6 29. Nb6 Rc6 30. Nc4 b5 31. Nxa3 b4 32. Nb5 Ne5 33. fxe5 dxe5 34. a4 Ke7 35. Rf3 Ra8 36. Rhf1 f5 37. exf5 exf5 38. Kd2 Rd8 39. Kc1 e4 40. Re3 Kf6 41. Bc4 Kg5 42. Rg1+ Kh6 43. Reg3 f4 44. R3g2 Rf8 45. Rf1 f3 46. Rgf2 g5 47. Bd5 Rc5 48. Bxe4 g4 49. Bxf3 Rcf5 0-1


[Site "https://www.chess.com"]